 Dungeon Crawl Stone Soup version 0.29-a0-321-gf1c400731a (webtiles) character file.

Game seed: 2657604255377882528

49 inmateoo the Skirmisher (level 3, -4/29 HPs)
             Began as a Demonspawn Fighter on Apr 4, 2022.
             Was a Plaything of Xom.
             Succumbed to a goblin's poison
             ... on level 2 of the Dungeon.
             The game lasted 00:01:28 (1351 turns).

inmateoo the Skirmisher (Demonspawn Fighter)        Turns: 1351, Time: 00:01:28

Health: -4/29      AC:  6    Str: 18    XL:     3   Next: 51%
Magic:  3/3        EV:  9    Int:  9    God:    Xom [..*...]
Gold:   6          SH:  4    Dex: 12    Spells: 2/2 levels left

rFire   . . .      SeeInvis .     - Unarmed
rCold   . . .      Faith    .   b - +0 buckler
rNeg    . . .      Spirit   .   a - +0 scale mail
rPois   .          Reflect  .   (no helmet)
rElec   .          Harm     .   (no cloak)
rCorr   .          Rampage  .   (no gloves)
Will    .....                   (no boots)
Stlth   ..........              (no amulet)
HPRegen 0.09/turn               (no ring)
MPRegen 0.08/turn               (no ring)

@: mighty, lethally poisoned (-4 -> -26)
A: demonic guardian 1
a: Renounce Religion


You were on level 2 of the Dungeon.
You worshipped Xom.
You were a toy of Xom.
You visited 1 branch of the dungeon, and saw 2 of its levels.

You collected 6 gold pieces.

Inventory:

Armour
 a - a +0 scale mail (worn)
 b - a +0 buckler (worn)
Scrolls
 d - a scroll of identify {unknown}
 e - a scroll of teleportation {unknown}
 g - a scroll of torment {unknown}


   Skills:
 + Level 3.3 Fighting
 + Level 3.0 Armour
 + Level 3.0 Shields
 * Level 2.6 Unarmed Combat


You had 2 spell levels left.
You didn't know any spells.
Your spell library was empty.

Dungeon Overview and Level Annotations

Branches:
Dungeon (2/15)

Altars:
Xom

Annotations:
D:2 Robin


Innate Abilities, Weirdness & Mutations

A weak demonic guardian rushes to your aid.


Message History

Robin shouts!
You hear a shout!
The goblin hits you with a +2 dagger of venom.
You are lethally poisoned!
You are too injured to fight recklessly!
You closely miss the goblin.
The goblin is moderately wounded.
You feel very sick. You block the goblin's attack.
You aren't carrying any items that you can evoke.
Unknown command.
It was a potion of heal wounds.
You feel much better.
Xom thinks this is hilarious!
You feel very sick.
The goblin hits you with a +2 dagger of venom.
Robin roars a battlecry!
The goblins go into a battle-frenzy!
You feel very mighty all of a sudden.
You feel very sick.
The goblin hits you with a +2 dagger of venom.
You are lethally poisoned!
Robin says, "Bow before me, strongest of all the hobgoblins!"
You barely miss the goblin.
The goblin is moderately wounded.
You feel very sick.
The goblin hits you with a +2 dagger of venom.
A demonic guardian appears!
You are more poisoned.
Robin throws the goblin at you!
You punch the goblin!
You kill the goblin!
* * * LOW HITPOINT WARNING * * *
You feel very sick.
A goblin comes into view. It is wielding a +0 club.
The goblin hits you with a +0 club.
* * * LOW HITPOINT WARNING * * *
The goblin shouts!
You punch the goblin!
You kill the goblin!
You die...
Xom howls with laughter!

..g.g####.##
.....gg....#
.....###g..#
....gg.....#
. .>#####g##
#.# #g# #g#
#@# #)# #5#
#.# #.# #.#
#.# #.# #.#


You could see Robin, a hobgoblin (strong), 2 goblins and a friendly iron imp
(summoned).

Vanquished Creatures
  An adder (D:2)
  3 ball pythons (D:1)
  5 bats (D:1)
  An endoplasm (D:1)
  A giant cockroach (D:1)
  8 goblins
  5 hobgoblins
  A jackal (D:1)
  2 frilled lizards (D:1)
  5 kobolds (D:1)
  2 rats (D:1)
34 creatures vanquished.

Vanquished Creatures (collateral kills)
  An endoplasm (D:1)
  A hobgoblin (D:1)
2 creatures vanquished.

Vanquished Creatures (others)
  6 plants (D:1)
6 creatures vanquished.

Grand Total: 42 creatures vanquished

Notes
Turn   | Place    | Note
-------+----------+-------------------------------------------
     0 | D:1      | inmateoo the Demonspawn Fighter began the quest for the
                  | Orb.
     0 | D:1      | Reached XP level 1. HP: 18/18 MP: 1/1
   198 | D:1      | Gained mutation: A weak demonic guardian rushes to your
                  | aid. [demonic ancestry]
   198 | D:1      | Reached XP level 2. HP: 24/24 MP: 2/2
   351 | D:1      | Found a faded altar of an unknown god.
   354 | D:1      | Prayed at the altar of an unknown god.
   354 | D:1      | Became a worshipper of Xom of Chaos
   701 | D:1      | XOM: 1-stop teleportation journey
   809 | D:1      | Reached XP level 3. HP: 15/29 MP: 3/3
   840 | D:1      | XOM: divination: magic mapping
   891 | D:1      | XOM: divination: detect items
  1035 | D:1      | XOM: divination: magic mapping
  1050 | D:1      | XOM: silly message
  1220 | D:2      | XOM: confuse monster(s)
  1257 | D:2      | XOM: silly message
  1344 | D:2      | Noticed Robin
  1350 | D:2      | HP: 1/29 [goblin/+0 club[Robin] (2)]
  1351 | D:2      | Succumbed to a goblin's poison

Illustrated notes

Levels and vault maps discovered:
D:1:      giann_bridges, layout_rooms, serial_bayou, serial_bayou_shore_a,
          serial_bayou_pond_b, serial_bayou_lagoon_a, serial_bayou_shore_b,
          shapermc_ecumenical_altar_hornbeckon, st_stairs_3
D:2:      layout_basic, basic_altar, nicolae_figureground_sparkle, uniq_robin

Skill      XL: |  1  2  3 |
---------------+----------+-----
Unarmed Combat | 2 |  2.6
Shields        | 3 |  3.0
Armour         | 3 |  3.0
Fighting       | |  3.3

Action                   || total
-------------------------++-------
Melee: Unarmed           ||   170
  Use: Potion            ||     2
 Stab: Confused          ||     1
Armor: Scale mail        ||    83
Dodge: Dodged            ||    75
Block: Buckler           ||    32

Table legend: (Time is in decaauts)
 A = Elapsed time spent in this place.
 B = Non-inter-level travel time spent in this place.
 C = Inter-level travel time spent in this place.
 D = Time resting spent in this place.
 E = Time spent auto-exploring this place.
 F = Levels seen in this place.
 G = Mean time per level.
                   A        B        C        D        E       F      G
               +--------+--------+--------+--------+--------+-----+--------+
         Total |   1393 |   1358 |     35 |    379 |    612 |   2 |  696.5 |
       Dungeon |   1393 |   1358 |     35 |    379 |    612 |   2 |  696.5 |
               +--------+--------+--------+--------+--------+-----+--------+

Top non-repeatable levels by time:
     D:1: 1217 daAuts
     D:2: 176 daAuts
